AoeStats
← cauliflower

Nomad

517993293Analyzed
4v4 RM · 15d ago on Nov 1, 2026· 39m 43s· 8 players
Game mode
Random Map
Map size
231×231
Population
200
Speed
Normal
Resources
Standard
Victory
Conquest
Starting age
Dark Age
Ending age
Imperial Age
RankedLock teamsTeams togetherTeam positionsShared explorationLock speedFull tech treeHidden civsTurbo modeCheats
Victory
Defeat
🇦🇷 Aztecs · Argentina
1453
+14
🇺🇸 Vikings · United States
1436
+14
🇲🇽 Persians · Mexico
1389
+16
🇩🇪 Jurchens · Germany
1353
+18
vs
🇹🇼 Italians · Taiwan
1425
-17
🇩🇪 Goths · Germany
1407
-16
🇩🇪 Bengalis · Germany
1404
-16
🇨🇳 Inca · China
1345
-13
woodyshaack
9:51 Loom
11:37 Feudal Age
12:22 Double-Bit Axe
16:00 Fishing Lines
19:48 Wheelbarrow
22:41 Castle Age
23:37 Castle Age
24:17 Bow Saw
28:27 Imperial Age
25:58 Gillnets
27:01 Forging
32:49 Bloodlines
33:05 Light Cavalry
ila
4:38 Loom
6:37 Loom
12:17 Feudal Age
13:42 Fletching
13:53 Double-Bit Axe
14:39 Gold Mining
14:47 Gold Mining
16:30 Fishing Lines
20:31 Castle Age
21:08 Bodkin Arrow
21:40 Medium Warships
22:23 Guard Tower
25:38 Bow Saw
29:06 Stone Mining
33:18 Imperial Age
34:03 Bracer
BTJ | Dr Colageno
4:33 Loom
12:39 Feudal Age
17:41 Town Watch
18:56 Fishing Lines
19:57 Double-Bit Axe
23:47 Castle Age
22:05 Padded Archer Armor
21:56 Fletching
23:50 Elite Skirmisher
24:25 Bodkin Arrow
24:46 Leather Archer Armor
33:01 Fervor
33:11 Gold Mining
35:23 Bow Saw
36:23 Wheelbarrow
35:29 Horse Collar
36:56 Man-at-Arms
37:21 Gambesons
37:37 Squires
37:38 Scale Mail Armor
39:13 Eagle Warrior
cauliflower
4:32 Loom
13:21 Feudal Age
17:33 Castle Age
15:53 Double-Bit Axe
18:25 Bow Saw
18:12 Horse Collar
23:30 Gold Mining
25:14 Scale Barding Armor
27:23 Bloodlines
27:14 Husbandry
28:06 Chain Barding Armor
27:56 Forging
33:20 Imperial Age
31:20 Stone Mining
38:42 Fletching
39:29 Plate Barding Armor
39:29 Iron Casting
ROYAL PIGGY
5:06 Loom
14:22 Feudal Age
15:48 Double-Bit Axe
21:11 Castle Age
19:09 Gold Mining
20:56 Champi Runner
21:54 Forging
21:51 Champi Warrior
22:32 Squires
23:11 Scale Mail Armor
23:00 Arson
24:16 Horse Collar
28:11 Iron Casting
27:52 Pikeman
31:16 Chain Mail Armor
34:45 Wheelbarrow
33:56 Town Watch
41:28 Imperial Age
...
3:39 Loom
4:58 Loom
12:45 Feudal Age
16:25 Castle Age
14:58 Double-Bit Axe
17:04 Town Watch
17:11 Fletching
18:43 Bow Saw
20:10 Wheelbarrow
33:20 Imperial Age
32:58 Sanctity
32:47 Bodkin Arrow
38:57 Chemistry
bewoms
4:48 Loom
14:04 Feudal Age
19:07 Castle Age
20:12 Fletching
20:23 Padded Archer Armor
20:56 Bodkin Arrow
21:02 Padded Archer Armor
21:01 Double-Bit Axe
28:06 Stone Mining
32:09 Horse Collar
33:18 Wheelbarrow
35:16 Scale Barding Armor
35:22 Forging
39:48 Imperial Age
37:44 Bloodlines
38:50 Husbandry
Bummskopp7689
4:54 Loom
14:24 Feudal Age
18:48 Castle Age
18:35 Forging
27:25 Fletching
32:03 Gold Mining
37:06 Imperial Age
35:35 Anarchy
36:29 Scale Mail Armor
36:41 Double-Bit Axe
Connection lost

Rejoining the realm…

Still unreachable

The connection could not be restored.

Session expired

The server has moved on; the page needs a fresh start.